 Dungeon Crawl Stone Soup version 0.27-a0-1158-gaa87e14f67 (webtiles) character file.

Game seed: 15169484613029555813

12229 bilbop the Thaumaturge (level 12, -3/85 HPs)
             Began as a Djinni Venom Mage on May 15, 2021.
             Was a Believer of Yredelemnul.
             Slain by a death yak simulacrum (19 damage)
             ... in an ice cave.
             The game lasted 01:16:14 (10477 turns).

bilbop the Thaumaturge (Djinni Venom Mage)         Turns: 10477, Time: 01:16:15

Health: -3/85      AC:  8    Str:  7    XL:     12   Next: 17%
Gold:   580        EV: 11    Int: 26    God:    Yredelemnul [**....] SH:  6 Dex: 16

rFire    + + .     SeeInvis +   a - +0 dagger (protect)
rCold    x . .     Faith    .   f - +0 buckler
rNeg     . . .     Spirit   .   e - +0 troll leather armour
rPois    ∞         Reflect  .   q - +2 helmet {SInv}
rElec    .         Harm     .   o - +0 cloak
rCorr    .         Rampage  .   (no gloves)
Will     ++...                  (boots unavailable)
Stlth    +++.......             v - amulet of regeneration
HPRegen  2.24/turn              j - +6 ring of intelligence
MPRegen  0.00/turn              y - ring of willpower

@: flying
A: sickness immunity, fire resistance 2, cold vulnerability 1, float, innate
caster, hp casting, extra vitality 1
a: Renounce Religion, Animate Remains, Recall Undead Slaves, Injury Mirror


You were in an ice cave.
You worshipped Yredelemnul.
Yredelemnul was pleased with you.
You visited 2 branches of the dungeon, and saw 12 of its levels.
You also visited: Ice Cave.

You collected 580 gold pieces.

Inventory:

Hand Weapons
 a - a +0 dagger of protection (weapon)
 b - a +5 short sword
 l - a +3 dagger
 O - a +2 dagger of draining
 P - a +2 dagger of speed
 Q - a +0 rapier
Missiles
 M - a curare-tipped dart
Armour
 e - a +0 troll leather armour (worn)
 f - a +0 buckler (worn)
 m - a +2 hat
 o - a +0 cloak (worn)
 q - a +2 helmet of see invisible (worn)
 I - +0 steam dragon scales
 S - a +1 robe of cold resistance
Jewellery
 j - a +6 ring of intelligence (left hand)
 v - an amulet of regeneration (around neck)
 y - a ring of willpower (right hand)
 C - a ring of ice
Wands
 J - a wand of digging (8)
Scrolls
 d - 3 scrolls of blinking
 g - 2 scrolls of noise {unknown}
 i - a scroll of brand weapon {unknown}
 k - a scroll of holy word {unknown}
 r - 4 scrolls of fear {unknown}
 u - a scroll of torment {unknown}
 E - a scroll of enchant weapon {unknown}
 G - 3 scrolls of teleportation
 H - 4 scrolls of fog
 K - a scroll of immolation {unknown}
 R - a scroll of magic mapping {unknown}
 T - a scroll of identify
Potions
 c - 5 potions of curing {unknown}
 h - 3 potions of haste {unknown}
 n - 3 potions of mutation {unknown}
 p - a potion of degeneration {unknown}
 s - a potion of brilliance {unknown}
 t - 2 potions of flight {unknown}
 w - a potion of cancellation {unknown}
 x - 2 potions of ambrosia {unknown}
 z - a potion of resistance {unknown}
 A - 2 potions of heal wounds {unknown}
 B - 2 potions of lignification {unknown}
 D - a potion of might {unknown}
 F - a potion of berserk rage {unknown}
 L - a potion of invisibility {unknown}
 N - a potion of attraction {unknown}


   Skills:
 + Level 7.0 Fighting
 + Level 6.4 Short Blades
 - Level 2.1 Dodging
 + Level 6.6 Stealth
 + Level 7.0 Shields
 * Level 8.2 Spellcasting
 + Level 6.9 Invocations


You couldn't memorise any spells.
You knew the following spells:

 Your Spells              Type           Power      Damage    Failure   Level
a - Sting                 Tmut/Pois      100%       1d8       1%          1
b - Poisonous Vapours     Pois/Air       100%       N/A       1%          2
c - Mephitic Cloud        Conj/Pois/Air  52%        N/A       1%          3
d - Ignite Poison         Fire/Tmut/Pois 52%        N/A       1%          3
e - Olgreb's Toxic Radia  Pois           52%        N/A       2%          4
f - Shock                 Conj/Air       100%       1d9       1%          1
g - Searing Ray           Conj           100%       3d7       1%          2
h - Confusing Touch       Hex            52%        N/A       1%          3
i - Lesser Beckoning      Tloc           26%        N/A       1%          3
j - Silence               Hex/Air        26%        N/A       8%          5
Your spell library was empty.

Dungeon Overview and Level Annotations

Branches:
Dungeon (11/15)            Temple (1/1) D:4            Lair (0/6) D:10
    Orc (0/2) D:10          IceCv (1/1)

Altars:
Ashenzari
Cheibriados
Dithmenos
Elyvilon
Fedhas
Gozag
Hepliaklqana
Kikubaaqudgha
Makhleb
Nemelex Xobeh
Okawaru
Qazlal
Ru
Sif Muna
Trog
Uskayaw
Vehumet
Wu Jian
Xom
Yredelemnul
Zin
The Shining One

Shops:
D:6 *

Annotations:
D:5 1 runed translucent door, Crazy Yiuf
D:8 3 runed translucent doors, bilbop's ghost, novice DjVM
D:10 2 transporters, 3 runed translucent doors, TODO's ghost, journeyman MiBe


Innate Abilities, Weirdness & Mutations

You are immune to sickness and miasma.
You are immune to poison.
Your flesh is very heat resistant. (rF++)
You are vulnerable to cold. (rC-)
You float through the air rather than walking.
You learn spells naturally, not from books.
Your magical power is your life essence.
You have superior vitality. (+4 HP)


Message History

The alligator simulacrum is engulfed in blazing flames.
The alligator simulacrum vapourises!
Yredelemnul accepts your kill.
Casting: Ignite Poison (safe; 1% risk of failure)
Confirm with . or Enter, or press ? or * to list all spells.
Aiming: Shock (safe; 1% risk of failure)
Press: ? - help, Shift-Dir - straight line, f/p - death yak simulacrum
Aim: a death yak simulacrum (flame, heavily damaged, 100% to hit)
The zap hits the death yak simulacrum but does no damage.
The death yak simulacrum is heavily damaged.
The death yak simulacrum is engulfed in blazing flames.
Casting: Shock (safe; 1% risk of failure)
Confirm with . or Enter, or press ? or * to list all spells.
Aiming: Shock (safe; 1% risk of failure)
Press: ? - help, Shift-Dir - straight line, f/p - death yak simulacrum
Aim: a death yak simulacrum (severely damaged, 100% to hit)
The zap hits the death yak simulacrum.
The death yak simulacrum is almost destroyed.
Casting: Shock (safe; 1% risk of failure)
Confirm with . or Enter, or press ? or * to list all spells.
Aiming: Shock (safe; 1% risk of failure)
Press: ? - help, Shift-Dir - straight line, f/p - death yak simulacrum
Aim: a death yak simulacrum (almost destroyed, 100% to hit)
The zap hits the death yak simulacrum.
The death yak simulacrum is almost destroyed.
The death yak simulacrum gores you! The death yak simulacrum freezes you!!!
You feel a terrible chill!
Ouch! That really hurt!
* * * LOW HITPOINT WARNING * * *
Casting: Shock (safe; 1% risk of failure)
Confirm with . or Enter, or press ? or * to list all spells.
Aiming: Shock (safe; 1% risk of failure)
Press: ? - help, Shift-Dir - straight line, f/p - death yak simulacrum
Aim: a death yak simulacrum (almost destroyed, 100% to hit)
The zap hits the death yak simulacrum.
The death yak simulacrum is almost destroyed.
* * * LOW HITPOINT WARNING * * *
The death yak simulacrum gores you!!
You die...
Your body rises from the dead as a mindless zombie.

..##
...##
#.°.#
##○○.
#°°°#
##..☼##
##..Z..##
#...@...#
#.......#
##..∩..##
##...##
#####


You could see a death yak simulacrum.

Vanquished Creatures
  Fannar (D:10)
  5 two-headed ogres
  An ugly thing (D:11)
  A manticore (D:10)
  Maggie (D:8)
  2 hornets (D:9)
  3 trolls
  2 wyverns
  3 yaks (D:10)
  4 steam dragons
  3 vampire mosquitoes (D:11)
  A water moccasin (D:7)
  5 black bears
  2 orc warriors (D:10)
  3 ice beasts
  An alligator simulacrum (IceCv)
  2 centaurs
  2 ogres
  A phantom (D:5)
  A kobold brigand (D:10)
  2 bullfrogs
  7 scorpions
  5 killer bees (D:8)
  A howler monkey (D:7)
  9 wights (D:7)
  3 hounds
  3 centaur zombies
  3 bullfrog skeletons
  2 centaur skeletons
  A gnoll shaman (D:7)
  A jelly (D:6)
  Jessica (D:3)
  3 iguanas
  4 orc wizards
  2 wolf simulacra (IceCv)
  A hound zombie (D:5)
  A howler monkey zombie (D:5)
  9 adders
  8 gnolls
  A shadow imp (D:6)
  A white imp (D:6)
  2 ufetubi (D:5)
  An adder skeleton (D:4)
  5 dart slugs
  15 orcs
  8 endoplasms
  3 giant cockroaches
  3 goblins
  2 hobgoblins
  18 jackals
  12 kobolds
  2 quokkas
  6 ball pythons
  4 bats
  A frilled lizard (D:1)
  4 rats
  A troll zombie (D:9)
199 creatures vanquished.

Vanquished Creatures (collateral kills)
  2 trolls (D:10)
  A bullfrog (D:10)
  A scorpion (D:10)
  A killer bee (D:8)
  2 centaur zombies
  A howler monkey zombie (D:9)
8 creatures vanquished.

Vanquished Creatures (others)
  A troll zombie (D:11)
  A scorpion zombie (D:10)
  A bullfrog zombie (D:10)
  A killer bee zombie (D:8)
  A yak zombie (D:10)
  44 fungi (D:10)
  49 plants (D:10)
98 creatures vanquished.

Grand Total: 305 creatures vanquished

Notes
Turn   | Place    | Note
-------+----------+-------------------------------------------
     0 | D:1      | bilbop the Djinni Venom Mage began the quest for the Orb.
     0 | D:1      | Reached XP level 1. HP: 15/15 MP: 0/0
   454 | D:1      | Reached XP level 2. HP: 19/21 MP: 0/0
  1036 | D:1      | Reached XP level 3. HP: 25/26 MP: 0/0
  1036 | D:1      | Learned a level 1 spell: Shock
  2077 | D:2      | Found a faded altar of an unknown god.
  2224 | D:2      | Reached skill level 1 in Fighting
  2224 | D:2      | Reached skill level 1 in Short Blades
  2224 | D:2      | Reached skill level 1 in Shields
  2224 | D:2      | Reached skill level 3 in Spellcasting
  2224 | D:2      | Reached skill level 1 in Invocations
  2224 | D:2      | Reached XP level 4. HP: 9/32 MP: 0/0
  2496 | D:2      | Reached XP level 5. HP: 26/37 MP: 0/0
  2496 | D:2      | Learned a level 2 spell: Searing Ray
  3331 | D:3      | Noticed Jessica
  3338 | D:3      | Killed Jessica
  3847 | D:3      | Reached XP level 6. HP: 36/43 MP: 0/0
  3936 | D:3      | Upgraded the game from 0.27-a0-1154-gfdeffcb720 to
                  | 0.27-a0-1158-gaa87e14f67
  4081 | D:4      | Found a staircase to the Ecumenical Temple.
  4104 | Temple   | Entered the Ecumenical Temple
  4868 | D:4      | Found a glowing golden altar of the Shining One.
  4868 | D:4      | Found a white marble altar of Elyvilon.
  4868 | D:4      | Found a glowing silver altar of Zin.
  4927 | D:5      | Entered Level 5 of the Dungeon
  4943 | D:5      | Noticed an ice beast
  4958 | D:5      | Killed an ice beast
  4959 | D:5      | Reached XP level 7. HP: 36/49 MP: 0/0
  4959 | D:5      | Learned a level 3 spell: Confusing Touch
  5001 | D:5      | Noticed a two-headed ogre
  5005 | D:5      | Reached skill level 4 in Spellcasting
  5007 | D:5      | Killed a two-headed ogre
  5008 | D:5      | Reached XP level 8. HP: 46/56 MP: 0/0
  5084 | D:5      | Reached skill level 5 in Spellcasting
  5084 | D:5      | Reached XP level 9. HP: 61/62 MP: 0/0
  5084 | D:5      | Learned a level 3 spell: Lesser Beckoning
  5535 | D:5      | Found a stormy altar of Qazlal.
  5536 | D:5      | Found a basalt altar of Yredelemnul.
  5536 | D:5      | Found a hazy altar of Hepliaklqana.
  5546 | D:5      | Became a worshipper of Yredelemnul the Dark
  5639 | D:5      | Found a bloodstained altar of Trog.
  5639 | D:5      | Found an iron altar of Okawaru.
  5667 | D:5      | Found a runed translucent door.
  5668 | D:5      | Noticed Crazy Yiuf
  6491 | D:6      | Identified Sif Muna's Almanac of Conjuration
  6643 | D:6      | Found Lase's Assorted Antiques.
  6925 | D:7      | Reached * piety under Yredelemnul
  6971 | D:7      | Reached XP level 10. HP: 68/69 MP: 0/0
  6996 | D:7      | Reached skill level 6 in Spellcasting
  7399 | D:8      | Reached skill level 5 in Fighting
  7399 | D:8      | Reached skill level 5 in Shields
  7689 | D:8      | Reached skill level 5 in Stealth
  7692 | D:8      | Reached skill level 5 in Invocations
  7721 | D:8      | Found a runed translucent gate.
  7722 | D:8      | Found a runed translucent gate.
  7754 | D:8      | Found a runed translucent gate.
  7754 | D:8      | Noticed bilbop's ghost (novice DjVM)
  7801 | D:8      | Noticed Maggie
  7809 | D:8      | Killed Maggie
  7890 | D:8      | Found a hide-covered altar of Uskayaw.
  7893 | D:8      | Found an ornate altar of the Wu Jian Council.
  7896 | D:8      | Found a shadowy altar of Dithmenos.
  8420 | D:9      | Noticed a two-headed ogre
  8429 | D:9      | Killed a two-headed ogre
  8430 | D:9      | Reached skill level 5 in Short Blades
  8899 | D:9      | Reached XP level 11. HP: 67/76 MP: 0/0
  8899 | D:9      | Learned a level 5 spell: Silence
  9052 | D:10     | Entered Level 10 of the Dungeon
  9052 | D:10     | Found a transporter.
  9055 | D:10     | Noticed a fire crab
  9065 | D:10     | Noticed TODO's ghost (journeyman MiBe)
  9077 | D:10     | Noticed a manticore
  9081 | D:10     | Killed a manticore
  9082 | D:10     | Reached skill level 7 in Spellcasting
  9187 | D:10     | Reached ** piety under Yredelemnul
  9289 | D:10     | Noticed a fire crab
  9294 | D:10     | Found a transporter.
  9296 | D:10     | Noticed a two-headed ogre
  9305 | D:10     | Killed a two-headed ogre
  9364 | D:10     | Found a staircase to the Lair.
  9507 | D:10     | Found a runed translucent gate.
  9507 | D:10     | Found a runed translucent gate.
  9507 | D:10     | Found a runed translucent gate.
  9728 | D:10     | Noticed Fannar
  9733 | D:10     | Killed Fannar
  9961 | D:10     | Found a staircase to the Orcish Mines.
 10219 | D:11     | Noticed a six-headed hydra
 10219 | D:11     | Noticed a two-headed ogre
 10348 | D:11     | Noticed a red ugly thing
 10400 | D:11     | Killed a red ugly thing
 10430 | D:11     | Noticed a two-headed ogre
 10435 | D:11     | Killed a two-headed ogre
 10436 | D:11     | Reached skill level 8 in Spellcasting
 10436 | D:11     | Reached XP level 12. HP: 83/84 MP: 0/0
 10453 | D:11     | Found a frozen archway.
 10466 | D:11     | Killed a two-headed ogre
 10469 | IceCv    | Entered an ice cave
 10477 | IceCv    | Slain by a death yak simulacrum

Illustrated notes

Levels and vault maps discovered:
D:1:      giann_forest_graveyard, layout_rooms, minmay_misc_feat_pillars,
          chequers_avenue
D:2:      layout_basic, hellmonk_ecumenical_altar_crossroads
D:3:      layout_loops_ring, uniq_jessica
D:4:      layout_basic, good_gods_mini_temple,
          minmay_temple_entry_drinking_statues, grunt_ministairs_10,
          chequers_jeans
D:5:      layout_basic, grunt_temple_overflow_bloody_war,
          grunt_temple_overflow_open, minmay_crossroads, uniq_crazy_yiuf_cottage
D:6:      layout_cave_pods, led_sif_book, serial_shops, shop_fountains,
          minmay_hedge_maze, hex_large
D:7:      layout_gridville, st_stairs_11
D:8:      layout_cave_pods, grunt_temple_overflow_cloverleaf,
          gammafunk_ghost_necromancy, uniq_maggie
D:9:      layout_loops_ring, nrook_loot_triangle
D:10:     gammafunk_wand_slinger, layout_loops_ring,
          due_lair_maze_entry_diamond, gammafunk_ghost_icy,
          minmay_quadrilaterals, uniq_fannar
D:11:     layout_rooms, portal_ice_cave_entry_pillars_2, serial_shops, shop,
          trog_hazing_becter
Temple:   jpeg_temple_island
IceCv:    ice_cave_small_necro

Skill      XL: |  1  2  3  4  5  6  7  8  9 10 11 12 |
---------------+-------------------------------------+-----
Fighting       | 1 2 3 4 5 6 7 |  7.0
Short Blades   | 1 2 3 4 5 6 |  6.4
Stealth        | 2 3 4 5 6 |  6.6
Shields        | 1 2 3 4 5 6 7 |  7.0
Spellcasting   | 3 4 5 6 8 |  8.2
Invocations    | 1 2 3 4 5 6 |  6.9
Dodging        | |  2.1

Action                   |  1- 3 |  4- 6 |  7- 9 | 10-12 || total
-------------------------+-------+-------+-------+-------++-------
Melee: Unarmed           |     8 |       |       |       ||     8
       Dagger            |    13 |    12 |     6 |    28 ||    59
       Rapier            |     6 |    11 |       |       ||    17
 Cast: Sting             |    51 |     1 |       |       ||    52
       Shock             |     4 |    74 |    51 |    25 ||   154
       Poisonous Vapours |     1 |    14 |    23 |    41 ||    79
       Searing Ray       |       |     9 |    14 |    25 ||    48
       Ignite Poison     |       |       |    11 |    37 ||    48
       Olgreb's Toxic Ra |       |       |     2 |     8 ||    10
       Confusing Touch   |       |       |       |     5 ||     5
       Mephitic Cloud    |       |       |       |     2 ||     2
Invok: Animate Remains   |       |       |       |    24 ||    24
  Use: Scroll            |       |       |     5 |       ||     5
 Stab: Sleeping          |     2 |     1 |     4 |     7 ||    14
Armor: Robe              |    15 |       |       |       ||    15
       Leather armour    |     2 |    19 |     9 |     5 ||    35
       Troll leather arm |       |       |       |    32 ||    32
Dodge: Dodged            |    47 |    22 |    16 |    41 ||   126
Block: Buckler           |       |       |       |    20 ||    20

Table legend: (Time is in decaauts)
 A = Elapsed time spent in this place.
 B = Non-inter-level travel time spent in this place.
 C = Inter-level travel time spent in this place.
 D = Time resting spent in this place.
 E = Time spent auto-exploring this place.
 F = Levels seen in this place.
 G = Mean time per level.
                   A        B        C        D        E       F      G
               +--------+--------+--------+--------+--------+-----+--------+
         Total |  10464 |   9814 |    650 |   2071 |   6429 |  13 |  804.9 |
       Dungeon |  10044 |   9434 |    610 |   2071 |   6058 |  11 |  913.1 |
        Temple |    412 |    372 |     40 |      0 |    371 |   1 |  412.0 |
      Ice Cave |      7 |      7 |      0 |      0 |      0 |   1 |    7.0 |
               +--------+--------+--------+--------+--------+-----+--------+

Top non-repeatable levels by time:
     D:1: 1770 daAuts
     D:2: 1238 daAuts
    D:10: 1203 daAuts
     D:6: 1124 daAuts
     D:3: 946 daAuts
     D:8: 895 daAuts
     D:5: 781 daAuts
     D:9: 771 daAuts
     D:4: 556 daAuts
     D:7: 546 daAuts
  Temple: 412 daAuts
    D:11: 210 daAuts
   IceCv: 7 daAuts
